1977 views
Uploaded 2023-01-24 01:44:13
Game version 1.35 (6115)
92:44 long 3on3 ladder game on (6)ThunderLake_LV
Saved by GIGA
1977 views
Uploaded 2023-01-24 01:44:13
Game version 1.35 (6115)
92:44 long 3on3 ladder game on (6)ThunderLake_LV


239 units @ 35.6k
/ 6.5k
153 buildings @ 20.5k
/ 9.9k


| Scroll of Regeneration | 5 | 500 |
| Scroll of Town Portal | 2 | 700 |
| total: | 7 | 1200g |
| Peasant | 26 | 1950 | / | 0 |
| Footman | 7 | 945 | / | 0 |
| Rifleman | 18 | 3690 | / | 540 |
| Mortar Team | 31 | 5580 | / | 2170 |
| Knight | 1 | 245 | / | 60 |
| total: | 83 | 12410g | / | 2770w |
| Scout Tower | 37 | 1110 | / | 740 |
| Arcane Tower | 24 | 1680 | / | 1200 |
| Altar of Kings | 2 | 360 | / | 100 |
| Farm | 16 | 1280 | / | 320 |
| Barracks | 2 | 320 | / | 120 |
| Arcane Vault | 1 | 130 | / | 30 |
| Lumber Mill | 3 | 360 | / | 0 |
| Blacksmith | 1 | 140 | / | 60 |
| Town Hall | 4 | 1540 | / | 820 |
| Cannon Tower | 1 | 120 | / | 100 |
| Workshop | 5 | 700 | / | 700 |
| Arcane Sanctum | 1 | 150 | / | 140 |
| Gryphon Aviary | 1 | 140 | / | 150 |
| Keep | 3 | 960 | / | 630 |
| Castle | 2 | 720 | / | 420 |
| total: | 73 | 6230g | / | 3180w |
| 0:03 | Altar of Kings |
| 0:06 | Peasant |
| 0:06 | Peasant |
| 0:06 | Peasant |
| 0:23 | Farm |
| 0:27 | Barracks |
| 0:44 | Peasant |
| 0:54 | Farm |
| 1:00 | Peasant |
| 1:19 | Peasant |
| 1:25 | Peasant |
| 1:35 | Footman |
| 1:45 | Peasant |
| 1:50 | Footman |
| 1:53 | Farm |
| 2:23 | Summon Water Elemental |
| 2:40 | Footman |
| 2:52 | Footman |
| 2:54 | Farm |
| 2:57 | Arcane Vault |
| 3:16 | Peasant |
| 3:59 | Footman |
| 4:03 | Lumber Mill |
| 4:09 | Blacksmith |
| 4:12 | Peasant |
| 4:13 | Keep |
| 4:22 | Scroll of Regeneration |
| 4:24 | Brilliance Aura |
| 5:07 | Footman |
| 5:07 | Footman |
| 5:26 | Improved Lumber Harvesting |
| 5:44 | Black Gunpowder |
| 5:45 | Rifleman |
| 5:45 | Rifleman |
| 6:30 | Rifleman |
| 7:01 | Town Hall |
| 7:10 | Scout Tower |
| 7:18 | Scout Tower |
| 7:32 | Scout Tower |
| 7:36 | Rifleman |
| 7:39 | Farm |
| 7:47 | Arcane Tower |
| 7:51 | Arcane Tower |
| 8:09 | Farm |
| 8:20 | Farm |
| 8:31 | Scroll of Regeneration |
| 8:42 | Barracks |
| 8:45 | Arcane Tower |
| 9:02 | Rifleman |
| 9:02 | Rifleman |
| 9:33 | Holy Light |
| 10:04 | Refined Gunpowder |
| 10:06 | Rifleman |
| 10:07 | Long Rifles |
| 10:15 | Peasant |
| 10:15 | Peasant |
| 10:35 | Peasant |
| 10:36 | Peasant |
| 10:37 | Peasant |
| 10:41 | Scroll of Regeneration |
| 11:04 | Peasant |
| 11:05 | Peasant |
| 11:05 | Peasant |
| 11:43 | Summon Water Elemental |
| 11:56 | Workshop |
| 12:00 | Workshop |
| 12:09 | Castle |
| 12:12 | Studded Leather Armor |
| 12:12 | Iron Plating |
| 12:34 | Workshop |
| 12:39 | Mortar Team |
| 12:45 | Flare |
| 13:15 | Mortar Team |
| 13:23 | Scout Tower |
| 13:24 | Scout Tower |
| 13:25 | Scout Tower |
| 13:27 | Scout Tower |
| 13:31 | Scout Tower |
| 13:45 | Peasant |
| 13:45 | Peasant |
| 13:50 | Cannon Tower |
| 13:51 | Arcane Tower |
| 13:52 | Arcane Tower |
| 13:58 | Arcane Tower |
| 14:05 | Peasant |
| 14:05 | Peasant |
| 14:09 | Arcane Tower |
| 14:18 | Mortar Team |
| 14:18 | Mortar Team |
| 14:32 | Arcane Sanctum |
| 14:34 | Gryphon Aviary |
| 14:48 | Farm |
| 14:51 | Farm |
| 14:56 | Mortar Team |
| 15:01 | Fragmentation Shards |
| 15:33 | Lumber Mill |
| 15:56 | Mortar Team |
| 15:56 | Mortar Team |
| 16:00 | Scout Tower |
| 16:09 | Magic Sentry |
| 16:33 | Mortar Team |
| 16:35 | Farm |
| 16:37 | Farm |
| 16:38 | Farm |
| 16:41 | Advanced Lumber Harvesting |
| 16:53 | Lumber Mill |
| 17:00 | Arcane Tower |
| 17:27 | Knight |
| 18:39 | Mortar Team |
| 19:19 | Mortar Team |
| 20:15 | Rifleman |
| 20:15 | Rifleman |
| 20:15 | Rifleman |
| 20:16 | Rifleman |
| 20:42 | Mortar Team |
| 22:07 | Scout Tower |
| 22:09 | Scout Tower |
| 22:10 | Scout Tower |
| 22:16 | Rifleman |
| 23:03 | Arcane Tower |
| 25:26 | Farm |
| 25:27 | Farm |
| 25:28 | Farm |
| 25:29 | Farm |
| 26:56 | Scroll of Regeneration |
| 27:20 | Rifleman |
| 27:20 | Rifleman |
| 27:22 | Mortar Team |
| 27:50 | Keep |
| 29:23 | Town Hall |
| 30:12 | Holy Light |
| 30:13 | Divine Shield |
| 31:05 | Rifleman |
| 31:50 | Rifleman |
| 32:09 | Scout Tower |
| 32:40 | Rifleman |
| 32:55 | Arcane Tower |
| 33:26 | Scroll of Regeneration |
| 34:16 | Town Hall |
| 36:51 | Scout Tower |
| 36:52 | Scout Tower |
| 36:54 | Scout Tower |
| 36:55 | Scout Tower |
| 36:56 | Scout Tower |
| 36:57 | Scout Tower |
| 37:22 | Arcane Tower |
| 37:24 | Arcane Tower |
| 37:38 | Arcane Tower |
| 38:07 | Arcane Tower |
| 38:17 | Arcane Tower |
| 38:20 | Peasant |
| 38:20 | Peasant |
| 38:22 | Peasant |
| 38:22 | Peasant |
| 38:56 | Scout Tower |
| 38:58 | Scout Tower |
| 39:00 | Scout Tower |
| 39:26 | Arcane Tower |
| 39:28 | Arcane Tower |
| 39:45 | Rifleman |
| 42:18 | Town Hall |
| 42:55 | Scout Tower |
| 43:10 | Scout Tower |
| 43:12 | Scout Tower |
| 45:05 | Scout Tower |
| 45:54 | Brilliance Aura |
| 46:39 | Scout Tower |
| 46:43 | Scout Tower |
| 46:57 | Arcane Tower |
| 47:25 | Arcane Tower |
| 47:39 | Keep |
| 48:16 | Arcane Tower |
| 49:59 | Mortar Team |
| 49:59 | Mortar Team |
| 50:58 | Mortar Team |
| 52:15 | Mortar Team |
| 52:15 | Mortar Team |
| 52:28 | Castle |
| 52:53 | Scroll of Town Portal |
| 52:54 | Scroll of Town Portal |
| 54:24 | Mortar Team |
| 56:44 | Mortar Team |
| 56:44 | Mortar Team |
| 58:18 | Mortar Team |
| 59:19 | Imbued Gunpowder |
| 62:46 | Mortar Team |
| 62:46 | Mortar Team |
| 64:54 | Workshop |
| 65:01 | Workshop |
| 65:03 | Scout Tower |
| 65:06 | Scout Tower |
| 65:10 | Scout Tower |
| 65:18 | Altar of Kings |
| 65:20 | Scout Tower |
| 65:21 | Scout Tower |
| 65:39 | Scout Tower |
| 65:40 | Scout Tower |
| 65:42 | Arcane Tower |
| 65:56 | Arcane Tower |
| 66:12 | Mortar Team |
| 66:55 | Mortar Team |
| 67:08 | Arcane Tower |
| 67:48 | Scout Tower |
| 67:53 | Mortar Team |
| 67:53 | Mortar Team |
| 68:17 | Scout Tower |
| 69:28 | Mortar Team |
| 72:58 | Mortar Team |
| 72:58 | Mortar Team |
| 76:35 | Mortar Team |
| Right click | 4106 |
| Select group | 2456 |
| Select | 1704 |
| Assign group | 391 |
| Build/train/purchase | 371 |
| Misc. action | 347 |
| Minimap ping | 105 |
| Use ability | 64 |
| Resource trade | 51 |
| Esc | 18 |
| Remove unit | 4 |
| Item give/drop | 1 |


| Healing Salve | 9 | 900 |
| Lesser Clarity Potion | 3 | 210 |
| Orb of Lightning | 1 | 375 |
| Potion of Mana | 1 | 200 |
| Scroll of Healing | 3 | 750 |
| Scroll of Town Portal | 1 | 350 |
| total: | 18 | 2785g |
| Peon | 24 | 1800 | / | 0 |
| Grunt | 8 | 1600 | / | 0 |
| Spirit Walker | 1 | 195 | / | 35 |
| Troll Witch Doctor | 16 | 2320 | / | 400 |
| Tauren | 7 | 1960 | / | 560 |
| Demolisher | 9 | 1980 | / | 450 |
| Troll Batrider | 18 | 2880 | / | 720 |
| Raider | 1 | 180 | / | 40 |
| Shaman | 4 | 520 | / | 80 |
| total: | 88 | 13435g | / | 2285w |
| Watch Tower | 14 | 1540 | / | 1120 |
| Altar of Storms | 5 | 900 | / | 250 |
| Orc Burrow | 13 | 2080 | / | 520 |
| Barracks | 2 | 360 | / | 100 |
| Voodoo Lounge | 4 | 520 | / | 120 |
| War Mill | 4 | 820 | / | 0 |
| Great Hall | 6 | 2310 | / | 1110 |
| Spirit Lodge | 2 | 300 | / | 300 |
| Tauren Totem | 1 | 135 | / | 155 |
| Beastiary | 4 | 580 | / | 560 |
| Stronghold | 5 | 1575 | / | 950 |
| Fortress | 4 | 1300 | / | 760 |
| total: | 55 | 9545g | / | 4235w |
| 0:01 | Peon |
| 0:01 | Peon |
| 0:07 | Altar of Storms |
| 0:20 | Orc Burrow |
| 0:22 | Peon |
| 0:35 | Peon |
| 0:47 | Barracks |
| 0:55 | Peon |
| 1:09 | Peon |
| 1:18 | Peon |
| 1:30 | Orc Burrow |
| 1:40 | Peon |
| 1:48 | Grunt |
| 1:48 | Grunt |
| 1:52 | Peon |
| 2:06 | Voodoo Lounge |
| 2:14 | Critical Strike |
| 2:22 | Grunt |
| 2:45 | Grunt |
| 3:01 | Orc Burrow |
| 3:18 | War Mill |
| 3:23 | Healing Salve |
| 3:23 | Healing Salve |
| 3:24 | Lesser Clarity Potion |
| 4:17 | Great Hall |
| 4:31 | Wind Walk |
| 4:33 | Stronghold |
| 4:57 | Grunt |
| 5:25 | War Mill |
| 5:33 | Critical Strike |
| 5:37 | Grunt |
| 5:41 | Healing Salve |
| 5:41 | Healing Salve |
| 6:31 | Grunt |
| 6:40 | Peon |
| 6:40 | Peon |
| 6:40 | Peon |
| 6:58 | Peon |
| 7:11 | Pillage |
| 7:30 | Spirit Lodge |
| 7:33 | Tauren Totem |
| 7:51 | Watch Tower |
| 7:52 | Watch Tower |
| 7:53 | Peon |
| 7:58 | Endurance Aura |
| 7:59 | Fortress |
| 8:31 | Scroll of Healing |
| 8:31 | Scroll of Healing |
| 8:31 | Scroll of Healing |
| 8:43 | Witch Doctor Adept Training |
| 8:48 | Spirit Walker |
| 9:16 | Watch Tower |
| 9:32 | Troll Witch Doctor |
| 9:33 | Steel Ranged Weapons |
| 9:34 | Steel Armor |
| 9:36 | Berserker Strength |
| 9:58 | Troll Witch Doctor |
| 10:15 | Orc Burrow |
| 10:34 | Reinforced Defenses |
| 10:35 | Spiked Barricades |
| 11:04 | Peon |
| 11:39 | Tauren |
| 11:41 | Witch Doctor Master Training |
| 12:01 | Troll Witch Doctor |
| 12:03 | Pulverize |
| 12:22 | Peon |
| 12:31 | Shockwave |
| 12:47 | Grunt |
| 13:08 | Tauren |
| 13:12 | Orc Burrow |
| 13:13 | Troll Witch Doctor |
| 13:33 | Wind Walk |
| 13:52 | Orc Burrow |
| 14:21 | Tauren |
| 14:41 | Peon |
| 14:53 | Tauren |
| 15:04 | Demolisher |
| 15:17 | Steel Melee Weapons |
| 15:44 | Tauren |
| 15:46 | Demolisher |
| 16:19 | Endurance Aura |
| 17:00 | Peon |
| 17:04 | Scroll of Town Portal |
| 17:07 | Orb of Lightning |
| 17:16 | Healing Salve |
| 17:33 | Orc Burrow |
| 17:35 | Thorium Armor |
| 17:35 | Arcanite Armor |
| 17:36 | Improved Spiked Barricades |
| 17:59 | Burning Oil |
| 18:42 | Thorium Ranged Weapons |
| 18:44 | Demolisher |
| 18:45 | Tauren |
| 19:20 | Tauren |
| 19:24 | Shockwave |
| 19:59 | War Mill |
| 20:36 | Great Hall |
| 20:58 | Great Hall |
| 21:01 | Altar of Storms |
| 22:09 | Great Hall |
| 23:23 | Great Hall |
| 23:24 | Altar of Storms |
| 23:25 | War Mill |
| 23:27 | Altar of Storms |
| 23:28 | Orc Burrow |
| 23:30 | Orc Burrow |
| 23:59 | Critical Strike |
| 24:12 | Voodoo Lounge |
| 24:54 | Barracks |
| 26:03 | Great Hall |
| 26:05 | Altar of Storms |
| 26:44 | Watch Tower |
| 27:52 | Voodoo Lounge |
| 29:04 | Stronghold |
| 29:47 | Watch Tower |
| 29:48 | Watch Tower |
| 29:53 | Watch Tower |
| 29:57 | Peon |
| 29:58 | Peon |
| 30:11 | Healing Salve |
| 30:12 | Healing Salve |
| 30:12 | Healing Salve |
| 31:12 | Watch Tower |
| 31:23 | Watch Tower |
| 31:37 | Watch Tower |
| 31:39 | Beastiary |
| 31:42 | Beastiary |
| 31:56 | Peon |
| 31:56 | Peon |
| 32:20 | Peon |
| 32:20 | Peon |
| 32:22 | Watch Tower |
| 32:40 | Orc Burrow |
| 32:54 | Troll Batrider |
| 33:00 | Orc Burrow |
| 33:01 | Orc Burrow |
| 33:07 | Spirit Lodge |
| 33:18 | Troll Batrider |
| 33:42 | Voodoo Lounge |
| 34:21 | Troll Witch Doctor |
| 35:00 | Troll Batrider |
| 35:32 | Troll Batrider |
| 35:33 | Beastiary |
| 36:05 | Troll Batrider |
| 36:47 | Raider |
| 36:48 | Troll Batrider |
| 36:49 | Beastiary |
| 36:57 | Watch Tower |
| 37:03 | Lesser Clarity Potion |
| 37:03 | Lesser Clarity Potion |
| 37:06 | Potion of Mana |
| 37:07 | Healing Salve |
| 37:23 | Troll Batrider |
| 37:48 | Troll Witch Doctor |
| 37:48 | Troll Witch Doctor |
| 37:51 | Orc Burrow |
| 38:03 | Troll Batrider |
| 38:42 | Troll Batrider |
| 39:12 | Fortress |
| 45:43 | Troll Batrider |
| 46:06 | Liquid Fire |
| 46:59 | Troll Batrider |
| 47:18 | Watch Tower |
| 47:22 | Watch Tower |
| 48:51 | Troll Batrider |
| 50:54 | Troll Witch Doctor |
| 54:14 | Troll Batrider |
| 54:25 | Troll Witch Doctor |
| 54:25 | Troll Witch Doctor |
| 54:25 | Troll Witch Doctor |
| 54:26 | Troll Witch Doctor |
| 54:34 | Troll Batrider |
| 55:02 | Troll Witch Doctor |
| 55:05 | Troll Batrider |
| 56:05 | Troll Batrider |
| 57:49 | Troll Batrider |
| 60:14 | Shockwave |
| 61:06 | Troll Batrider |
| 62:02 | Troll Witch Doctor |
| 62:02 | Troll Witch Doctor |
| 62:03 | Shaman Adept Training |
| 62:04 | Shaman |
| 65:20 | Shaman |
| 65:20 | Shaman |
| 66:36 | Bladestorm |
| 66:44 | Shaman Master Training |
| 66:45 | Shaman |
| 67:32 | Demolisher |
| 67:33 | Demolisher |
| 67:33 | Demolisher |
| 67:33 | Demolisher |
| 73:55 | Demolisher |
| 73:55 | Demolisher |
| 74:20 | Troll Witch Doctor |
| Right click | 5522 |
| Select | 1721 |
| Select group | 1060 |
| Misc. action | 483 |
| Build/train/purchase | 360 |
| Use ability | 220 |
| Assign group | 130 |
| Minimap ping | 44 |
| Resource trade | 11 |
| Item give/drop | 4 |
| Remove unit | 1 |
| Esc | 1 |



| Orb of Venom | 1 | 325 |
| Potion of Healing | 2 | 300 |
| Staff of Preservation | 1 | 150 |
| Scroll of Town Portal | 3 | 1050 |
| Boots of Speed | 1 | 250 |
| Potion of Lesser Invulnerability | 2 | 300 |
| Amulet of Spell Shield | 1 | 600 |
| Potion of Invulnerability | 1 | 400 |
| Khadgar's Gem of Health | 1 | 600 |
| total: | 13 | 3975g |
| Wisp | 28 | 1680 | / | 0 |
| Archer | 20 | 2600 | / | 200 |
| Huntress | 2 | 390 | / | 40 |
| Dryad | 1 | 145 | / | 60 |
| Chimaera | 5 | 1650 | / | 350 |
| Mountain Giant | 6 | 2100 | / | 600 |
| Hippogryph | 5 | 800 | / | 100 |
| Goblin Shredder | 1 | 375 | / | 100 |
| total: | 68 | 9740g | / | 1450w |
| Ancient Protector | 2 | 270 | / | 160 |
| Altar of Elders | 1 | 180 | / | 50 |
| Moon Well | 7 | 1260 | / | 280 |
| Ancient of War | 3 | 450 | / | 180 |
| Hunter's Hall | 1 | 210 | / | 100 |
| Tree of Life | 4 | 1360 | / | 740 |
| Ancient of Wonders | 1 | 90 | / | 30 |
| Ancient of Lore | 2 | 310 | / | 290 |
| Ancient of Wind | 2 | 300 | / | 280 |
| Chimaera Roost | 2 | 280 | / | 380 |
| Tree of Ages | 3 | 960 | / | 540 |
| Tree of Eternity | 2 | 660 | / | 400 |
| total: | 25 | 4710g | / | 2490w |
| 0:02 | Wisp |
| 0:04 | Altar of Elders |
| 0:05 | Wisp |
| 0:18 | Moon Well |
| 0:27 | Wisp |
| 0:32 | Ancient of War |
| 0:36 | Wisp |
| 0:36 | Wisp |
| 0:45 | Wisp |
| 0:46 | Wisp |
| 1:01 | Wisp |
| 1:16 | Wisp |
| 1:20 | Moon Well |
| 1:33 | Archer |
| 1:44 | Archer |
| 1:44 | Archer |
| 2:02 | Ancient of War |
| 2:11 | Trueshot Aura |
| 2:16 | Wisp |
| 2:16 | Wisp |
| 2:52 | Tree of Ages |
| 3:24 | Hunter's Hall |
| 3:32 | Archer |
| 4:02 | Moon Well |
| 4:27 | Strength of the Moon |
| 4:28 | Huntress |
| 4:58 | Huntress |
| 5:12 | Moon Well |
| 5:38 | Improved Bows |
| 5:56 | Ultravision |
| 6:07 | Archer |
| 6:19 | Healing Spray |
| 6:35 | Moon Glaive |
| 6:45 | Wisp |
| 6:45 | Wisp |
| 6:47 | Wisp |
| 6:49 | Scout |
| 7:46 | Ancient of Lore |
| 8:02 | Wisp |
| 8:02 | Wisp |
| 8:04 | Archer |
| 8:29 | Boots of Speed |
| 8:32 | Trueshot Aura |
| 8:34 | Acid Bomb |
| 8:44 | Tree of Life |
| 9:23 | Tree of Eternity |
| 9:33 | Archer |
| 9:34 | Abolish Magic |
| 10:08 | Archer |
| 10:10 | Strength of the Wild |
| 10:32 | Ancient Protector |
| 10:40 | Dryad |
| 11:07 | Wisp |
| 11:07 | Wisp |
| 11:08 | Wisp |
| 11:08 | Wisp |
| 11:09 | Wisp |
| 11:23 | Improved Strength of the Moon |
| 11:58 | Well Spring |
| 12:17 | Marksmanship |
| 13:01 | Ancient of Wonders |
| 13:16 | Goblin Shredder |
| 13:30 | Healing Spray |
| 14:07 | Moon Well |
| 14:09 | Hardened Skin |
| 14:55 | Improved Strength of the Wild |
| 15:01 | Chimaera Roost |
| 15:47 | Chimaera Roost |
| 16:00 | Searing Arrows |
| 16:14 | Nature's Blessing |
| 16:18 | Advanced Strength of the Wild |
| 16:50 | Corrosive Breath |
| 17:12 | Chimaera |
| 17:15 | Chimaera |
| 17:19 | Moon Well |
| 17:31 | Tree of Life |
| 18:22 | Moon Well |
| 18:24 | Chimaera |
| 19:32 | Chimaera |
| 19:45 | Ancient Protector |
| 20:06 | Reinforced Hides |
| 20:27 | Archer |
| 20:28 | Archer |
| 20:28 | Archer |
| 22:27 | Breath of Fire |
| 24:26 | Archer |
| 24:26 | Archer |
| 24:31 | Ancient of War |
| 25:24 | Moon Armor |
| 25:27 | Tree of Life |
| 25:34 | Tree of Ages |
| 26:38 | Archer |
| 26:39 | Archer |
| 27:50 | Archer |
| 29:05 | Archer |
| 29:26 | Chemical Rage |
| 31:01 | Archer |
| 32:25 | Mountain Giant |
| 32:33 | Ancient of Lore |
| 32:47 | Tree of Eternity |
| 35:13 | Resistant Skin |
| 35:17 | Mountain Giant |
| 36:26 | Scroll of Town Portal |
| 38:49 | Mountain Giant |
| 38:57 | Improved Reinforced Hides |
| 39:05 | Drunken Haze |
| 40:22 | Tree of Life |
| 43:16 | Advanced Reinforced Hides |
| 43:18 | Mountain Giant |
| 46:17 | Wisp |
| 46:17 | Wisp |
| 46:18 | Wisp |
| 46:18 | Wisp |
| 46:18 | Wisp |
| 46:59 | Scroll of Town Portal |
| 47:00 | Orb of Venom |
| 47:01 | Potion of Healing |
| 47:02 | Potion of Healing |
| 48:16 | Scroll of Town Portal |
| 48:18 | Staff of Preservation |
| 51:33 | Amulet of Spell Shield |
| 51:36 | Potion of Invulnerability |
| 54:40 | Potion of Lesser Invulnerability |
| 56:16 | Mountain Giant |
| 58:17 | Potion of Lesser Invulnerability |
| 62:50 | Wisp |
| 62:50 | Wisp |
| 63:10 | Ancient of Wind |
| 63:24 | Ancient of Wind |
| 64:14 | Hippogryph |
| 64:29 | Hippogryph |
| 64:29 | Hippogryph |
| 65:00 | Trueshot Aura |
| 65:19 | Hippogryph |
| 65:19 | Hippogryph |
| 66:08 | Archer |
| 66:16 | Khadgar's Gem of Health |
| 67:48 | Archer |
| 68:18 | Advanced Strength of the Moon |
| 74:41 | Mountain Giant |
| 82:57 | Chimaera |
| 85:09 | Healing Spray |
| Right click | 4459 |
| Select | 2374 |
| Select group | 1481 |
| Misc. action | 524 |
| Build/train/purchase | 451 |
| Resource trade | 98 |
| Use ability | 96 |
| Minimap ping | 58 |
| Assign group | 36 |
| Esc | 5 |
| Remove unit | 3 |
| Item give/drop | 1 |
121 units @ 13.3k
/ 2.2k
151 buildings @ 11.2k
/ 5.4k



| Mechanical Critter | 2 | 100 |
| Orb of Fire | 1 | 325 |
| Boots of Speed | 2 | 500 |
| Orb of Lightning | 1 | 375 |
| total: | 6 | 1300g |
| Peasant | 23 | 1725 | / | 0 |
| Mortar Team | 13 | 2340 | / | 910 |
| Flying Machine | 17 | 1700 | / | 510 |
| total: | 53 | 5765g | / | 1420w |
| Scout Tower | 19 | 570 | / | 380 |
| Arcane Tower | 2 | 140 | / | 100 |
| Guard Tower | 10 | 700 | / | 500 |
| Altar of Kings | 4 | 720 | / | 200 |
| Farm | 23 | 1840 | / | 460 |
| Lumber Mill | 2 | 240 | / | 0 |
| Town Hall | 1 | 385 | / | 205 |
| Blacksmith | 1 | 140 | / | 60 |
| Arcane Vault | 1 | 130 | / | 30 |
| Workshop | 3 | 420 | / | 420 |
| Keep | 1 | 320 | / | 210 |
| Castle | 1 | 360 | / | 210 |
| total: | 54 | 4445g | / | 1755w |
| 0:02 | Peasant |
| 0:09 | Peasant |
| 0:21 | Altar of Kings |
| 0:22 | Peasant |
| 0:33 | Farm |
| 0:34 | Peasant |
| 0:49 | Peasant |
| 0:58 | Peasant |
| 1:02 | Lumber Mill |
| 1:08 | Peasant |
| 1:10 | Farm |
| 1:12 | Peasant |
| 1:18 | Peasant |
| 1:31 | Peasant |
| 1:40 | Farm |
| 1:42 | Peasant |
| 1:51 | Scout Tower |
| 1:52 | Scout Tower |
| 2:00 | Scout Tower |
| 2:05 | Peasant |
| 2:13 | Peasant |
| 2:14 | Improved Lumber Harvesting |
| 2:23 | Arcane Tower |
| 2:26 | Peasant |
| 2:42 | Arcane Tower |
| 2:43 | Scout Tower |
| 2:46 | Peasant |
| 2:58 | Storm Bolt |
| 3:03 | Peasant |
| 3:08 | Scout Tower |
| 3:08 | Scout Tower |
| 3:14 | Guard Tower |
| 3:41 | Town Hall |
| 3:52 | Scout Tower |
| 3:54 | Scout Tower |
| 3:57 | Peasant |
| 3:57 | Peasant |
| 3:59 | Improved Masonry |
| 4:01 | Guard Tower |
| 4:04 | Scout Tower |
| 4:19 | Guard Tower |
| 4:20 | Scout Tower |
| 4:45 | Guard Tower |
| 4:47 | Scout Tower |
| 4:48 | Scout Tower |
| 5:00 | Peasant |
| 5:02 | Keep |
| 5:11 | Scout Tower |
| 5:14 | Peasant |
| 5:14 | Peasant |
| 5:17 | Guard Tower |
| 5:21 | Guard Tower |
| 5:25 | Guard Tower |
| 5:39 | Blacksmith |
| 5:43 | Guard Tower |
| 6:04 | Guard Tower |
| 6:22 | Arcane Vault |
| 6:33 | Bash |
| 7:19 | Black Gunpowder |
| 7:23 | Castle |
| 7:36 | Workshop |
| 7:38 | Workshop |
| 7:40 | Workshop |
| 7:47 | Advanced Lumber Harvesting |
| 7:47 | Advanced Masonry |
| 8:21 | Refined Gunpowder |
| 8:26 | Farm |
| 8:26 | Farm |
| 8:27 | Farm |
| 8:27 | Farm |
| 8:28 | Farm |
| 8:49 | Flak Cannons |
| 8:49 | Flare |
| 9:25 | Altar of Kings |
| 9:29 | Altar of Kings |
| 9:30 | Farm |
| 9:31 | Farm |
| 9:32 | Farm |
| 9:32 | Farm |
| 9:34 | Farm |
| 9:40 | Iron Plating |
| 9:43 | Mortar Team |
| 10:17 | Peasant |
| 10:17 | Peasant |
| 10:25 | Flying Machine Bombs |
| 10:26 | Fragmentation Shards |
| 10:30 | Mechanical Critter |
| 10:30 | Mechanical Critter |
| 10:48 | Imbued Gunpowder |
| 10:49 | Steel Plating |
| 10:52 | Lumber Mill |
| 11:09 | Flying Machine |
| 11:09 | Flying Machine |
| 11:41 | Holy Light |
| 12:04 | Flying Machine |
| 12:15 | Holy Light |
| 12:45 | Bash |
| 13:01 | Imbued Masonry |
| 15:16 | Flying Machine |
| 15:16 | Flying Machine |
| 15:16 | Flying Machine |
| 15:17 | Flying Machine |
| 15:17 | Flying Machine |
| 15:17 | Flying Machine |
| 15:17 | Flying Machine |
| 15:19 | Farm |
| 15:21 | Farm |
| 15:23 | Farm |
| 15:24 | Farm |
| 15:53 | Farm |
| 15:58 | Flying Machine |
| 15:58 | Flying Machine |
| 16:22 | Flying Machine |
| 16:24 | Mithril Plating |
| 17:19 | Brilliance Aura |
| 18:00 | Flying Machine |
| 20:26 | Scout Tower |
| 20:28 | Scout Tower |
| 20:28 | Scout Tower |
| 20:29 | Scout Tower |
| 20:29 | Scout Tower |
| 20:35 | Scout Tower |
| 22:07 | Flying Machine |
| 23:34 | Flying Machine |
| 24:27 | Guard Tower |
| 24:43 | Mortar Team |
| 26:12 | Mortar Team |
| 27:02 | Orb of Fire |
| 27:21 | Farm |
| 27:21 | Farm |
| 27:22 | Farm |
| 27:22 | Farm |
| 27:22 | Farm |
| 28:13 | Blizzard |
| 28:53 | Divine Shield |
| 28:53 | Holy Light |
| 29:03 | Mortar Team |
| 29:09 | Holy Light |
| 29:11 | Storm Bolt |
| 32:42 | Bash |
| 32:43 | Storm Bolt |
| 37:49 | Boots of Speed |
| 37:49 | Boots of Speed |
| 45:48 | Brilliance Aura |
| 49:36 | Divine Shield |
| 49:38 | Divine Shield |
| 55:04 | Bash |
| 56:39 | Mortar Team |
| 56:39 | Mortar Team |
| 56:39 | Mortar Team |
| 56:40 | Mortar Team |
| 56:40 | Mortar Team |
| 56:40 | Mortar Team |
| 56:40 | Mortar Team |
| 59:48 | Storm Bolt |
| 62:39 | Blizzard |
| 68:28 | Flying Machine |
| 69:01 | Orb of Lightning |
| 73:15 | Holy Light |
| 73:17 | Holy Light |
| 74:34 | Storm Bolt |
| 75:10 | Mortar Team |
| 75:10 | Mortar Team |
| 81:52 | Altar of Kings |
| 86:25 | Brilliance Aura |
| 90:09 | Avatar |
| Right click | 4454 |
| Select group | 1792 |
| Select | 638 |
| Use ability | 306 |
| Build/train/purchase | 175 |
| Misc. action | 157 |
| Minimap ping | 58 |
| Assign group | 32 |
| Esc | 6 |
| Item give/drop | 2 |
| Remove unit | 1 |
Cabeelibob
(194)
(92:43) : 
| Peasant | 15 | 1125 | / | 0 |
| Dragonhawk Rider | 4 | 800 | / | 120 |
| total: | 19 | 1925g | / | 120w |
| Scout Tower | 56 | 1680 | / | 1120 |
| Arcane Tower | 21 | 1470 | / | 1050 |
| Guard Tower | 18 | 1260 | / | 900 |
| Altar of Kings | 2 | 360 | / | 100 |
| Farm | 6 | 480 | / | 120 |
| Lumber Mill | 2 | 240 | / | 0 |
| Blacksmith | 1 | 140 | / | 60 |
| Arcane Vault | 1 | 130 | / | 30 |
| Cannon Tower | 4 | 480 | / | 400 |
| Gryphon Aviary | 1 | 140 | / | 150 |
| Workshop | 1 | 140 | / | 140 |
| Keep | 1 | 320 | / | 210 |
| Castle | 1 | 360 | / | 210 |
| total: | 70 | 3310g | / | 1720w |
| 0:04 | Altar of Kings |
| 0:06 | Farm |
| 0:07 | Peasant |
| 0:25 | Peasant |
| 0:30 | Peasant |
| 0:40 | Peasant |
| 0:59 | Scout Tower |
| 1:00 | Peasant |
| 1:58 | Farm |
| 2:00 | Arcane Tower |
| 2:12 | Lumber Mill |
| 2:18 | Peasant |
| 2:18 | Peasant |
| 2:28 | Peasant |
| 2:39 | Peasant |
| 2:56 | Storm Bolt |
| 3:02 | Farm |
| 3:06 | Peasant |
| 3:15 | Improved Masonry |
| 3:25 | Peasant |
| 3:33 | Scout Tower |
| 3:44 | Peasant |
| 3:50 | Improved Lumber Harvesting |
| 4:01 | Guard Tower |
| 4:07 | Scout Tower |
| 4:16 | Peasant |
| 4:16 | Peasant |
| 4:31 | Scout Tower |
| 4:31 | Scout Tower |
| 4:32 | Scout Tower |
| 4:36 | Arcane Tower |
| 4:39 | Scout Tower |
| 4:51 | Peasant |
| 4:56 | Scout Tower |
| 4:56 | Scout Tower |
| 5:00 | Scout Tower |
| 5:08 | Arcane Tower |
| 5:10 | Arcane Tower |
| 5:18 | Guard Tower |
| 5:34 | Scout Tower |
| 5:34 | Scout Tower |
| 5:35 | Scout Tower |
| 5:37 | Arcane Tower |
| 5:38 | Guard Tower |
| 5:41 | Guard Tower |
| 5:45 | Keep |
| 5:52 | Scout Tower |
| 5:59 | Scout Tower |
| 6:05 | Scout Tower |
| 6:05 | Scout Tower |
| 6:07 | Scout Tower |
| 6:09 | Guard Tower |
| 6:12 | Guard Tower |
| 6:28 | Guard Tower |
| 6:37 | Arcane Tower |
| 6:38 | Guard Tower |
| 6:39 | Guard Tower |
| 6:43 | Scout Tower |
| 6:45 | Scout Tower |
| 6:46 | Scout Tower |
| 6:46 | Scout Tower |
| 7:05 | Guard Tower |
| 7:13 | Scout Tower |
| 7:17 | Guard Tower |
| 7:20 | Scout Tower |
| 7:24 | Scout Tower |
| 7:51 | Scout Tower |
| 7:53 | Scout Tower |
| 7:55 | Arcane Tower |
| 8:07 | Scout Tower |
| 8:10 | Guard Tower |
| 8:19 | Arcane Tower |
| 8:22 | Scout Tower |
| 8:25 | Scout Tower |
| 8:31 | Advanced Masonry |
| 8:32 | Castle |
| 8:40 | Blacksmith |
| 8:45 | Arcane Tower |
| 8:49 | Arcane Tower |
| 8:51 | Scout Tower |
| 8:54 | Scout Tower |
| 8:56 | Arcane Tower |
| 9:21 | Arcane Tower |
| 9:23 | Scout Tower |
| 9:27 | Gryphon Aviary |
| 9:32 | Guard Tower |
| 9:35 | Scout Tower |
| 9:35 | Scout Tower |
| 9:54 | Guard Tower |
| 10:00 | Workshop |
| 10:08 | Scout Tower |
| 10:26 | Arcane Vault |
| 10:28 | Guard Tower |
| 10:46 | Guard Tower |
| 10:58 | Imbued Masonry |
| 11:05 | Scout Tower |
| 11:06 | Scout Tower |
| 11:07 | Scout Tower |
| 11:22 | Fragmentation Shards |
| 11:25 | Cannon Tower |
| 11:31 | Cannon Tower |
| 11:37 | Cannon Tower |
| 11:44 | Cannon Tower |
| 11:49 | Scout Tower |
| 11:50 | Scout Tower |
| 11:53 | Cloud |
| 12:04 | Farm |
| 12:15 | Arcane Tower |
| 12:36 | Scout Tower |
| 12:38 | Scout Tower |
| 12:51 | Scout Tower |
| 12:52 | Scout Tower |
| 12:55 | Arcane Tower |
| 13:00 | Dragonhawk Rider |
| 13:00 | Dragonhawk Rider |
| 13:06 | Scout Tower |
| 13:07 | Guard Tower |
| 13:08 | Arcane Tower |
| 13:10 | Scout Tower |
| 13:26 | Arcane Tower |
| 13:49 | Arcane Tower |
| 13:51 | Scout Tower |
| 13:52 | Scout Tower |
| 13:54 | Scout Tower |
| 14:01 | Guard Tower |
| 14:09 | Lumber Mill |
| 14:23 | Arcane Tower |
| 15:23 | Arcane Tower |
| 15:30 | Scout Tower |
| 15:32 | Scout Tower |
| 15:35 | Scout Tower |
| 15:38 | Scout Tower |
| 15:41 | Scout Tower |
| 15:42 | Scout Tower |
| 17:27 | Arcane Tower |
| 17:38 | Arcane Tower |
| 23:08 | Altar of Kings |
| 23:41 | Farm |
| 24:33 | Farm |
| 25:34 | Dragonhawk Rider |
| 25:35 | Dragonhawk Rider |
| Right click | 2448 |
| Select group | 982 |
| Select | 481 |
| Misc. action | 248 |
| Build/train/purchase | 90 |
| Use ability | 71 |
| Chat | 45 |
| Assign group | 24 |
| Resource trade | 20 |
| Minimap ping | 16 |
GIGA
(207)
(92:44) : 
| Healing Salve | 2 | 200 |
| Lesser Clarity Potion | 6 | 420 |
| Orb of Lightning | 2 | 750 |
| Tiny Great Hall | 3 | 1800 |
| Potion of Mana | 1 | 200 |
| Boots of Speed | 1 | 250 |
| Staff of Teleportation | 1 | 150 |
| Pendant of Mana | 1 | 600 |
| Amulet of Spell Shield | 1 | 600 |
| Khadgar's Gem of Health | 1 | 600 |
| total: | 19 | 5570g |
| Peon | 22 | 1650 | / | 0 |
| Troll Witch Doctor | 26 | 3770 | / | 650 |
| Harpy Windwitch | 1 | 240 | / | 30 |
| total: | 49 | 5660g | / | 680w |
| Watch Tower | 17 | 1870 | / | 1360 |
| Altar of Storms | 1 | 180 | / | 50 |
| Orc Burrow | 4 | 640 | / | 160 |
| Voodoo Lounge | 2 | 260 | / | 60 |
| War Mill | 1 | 205 | / | 0 |
| Spirit Lodge | 2 | 300 | / | 300 |
| Stronghold | 1 | 315 | / | 190 |
| Fortress | 1 | 325 | / | 190 |
| total: | 27 | 3455g | / | 1930w |
| 0:03 | Peon |
| 0:03 | Peon |
| 0:06 | Altar of Storms |
| 0:08 | Orc Burrow |
| 0:21 | Peon |
| 0:27 | Peon |
| 0:34 | Peon |
| 1:04 | Voodoo Lounge |
| 1:05 | Peon |
| 1:09 | Peon |
| 1:14 | Peon |
| 1:29 | Peon |
| 1:36 | Orc Burrow |
| 1:44 | War Mill |
| 1:47 | Peon |
| 2:11 | Healing Salve |
| 2:11 | Lesser Clarity Potion |
| 2:15 | Wind Walk |
| 3:16 | Peon |
| 3:16 | Peon |
| 3:16 | Peon |
| 3:24 | Watch Tower |
| 3:24 | Watch Tower |
| 3:27 | Watch Tower |
| 3:27 | Watch Tower |
| 3:28 | Watch Tower |
| 4:13 | Peon |
| 4:13 | Peon |
| 4:13 | Peon |
| 4:24 | Critical Strike |
| 4:34 | Watch Tower |
| 4:34 | Watch Tower |
| 4:37 | Watch Tower |
| 4:37 | Watch Tower |
| 4:41 | Peon |
| 5:21 | Stronghold |
| 5:25 | Watch Tower |
| 5:26 | Watch Tower |
| 5:28 | Spiked Barricades |
| 8:00 | Boots of Speed |
| 8:00 | Staff of Teleportation |
| 8:35 | Watch Tower |
| 8:37 | Fortress |
| 8:40 | Reinforced Defenses |
| 8:40 | Improved Spiked Barricades |
| 8:44 | Watch Tower |
| 8:45 | Watch Tower |
| 8:55 | Spirit Lodge |
| 9:41 | Lesser Clarity Potion |
| 9:56 | Watch Tower |
| 9:56 | Watch Tower |
| 9:57 | Watch Tower |
| 11:02 | Wind Walk |
| 11:09 | Harpy Windwitch |
| 11:24 | Witch Doctor Adept Training |
| 11:25 | Troll Witch Doctor |
| 11:25 | Troll Witch Doctor |
| 11:25 | Troll Witch Doctor |
| 11:40 | Orb of Lightning |
| 11:44 | Lesser Clarity Potion |
| 11:47 | Healing Salve |
| 14:37 | Witch Doctor Master Training |
| 15:52 | Critical Strike |
| 16:14 | Troll Witch Doctor |
| 16:15 | Troll Witch Doctor |
| 18:13 | Pendant of Mana |
| 18:15 | Amulet of Spell Shield |
| 20:08 | Troll Witch Doctor |
| 20:09 | Troll Witch Doctor |
| 20:12 | Orc Burrow |
| 20:52 | Voodoo Lounge |
| 20:59 | Tiny Great Hall |
| 21:10 | Troll Witch Doctor |
| 21:10 | Troll Witch Doctor |
| 22:21 | Divine Shield |
| 24:39 | Critical Strike |
| 24:43 | Lesser Clarity Potion |
| 27:43 | Troll Witch Doctor |
| 27:43 | Troll Witch Doctor |
| 27:43 | Troll Witch Doctor |
| 27:43 | Troll Witch Doctor |
| 32:17 | Spirit Lodge |
| 32:26 | Bladestorm |
| 32:28 | Potion of Mana |
| 32:31 | Lesser Clarity Potion |
| 32:40 | Tiny Great Hall |
| 35:05 | Khadgar's Gem of Health |
| 35:07 | Peon |
| 35:08 | Peon |
| 35:08 | Peon |
| 35:08 | Peon |
| 37:29 | Peon |
| 40:07 | Troll Witch Doctor |
| 40:07 | Troll Witch Doctor |
| 40:07 | Troll Witch Doctor |
| 40:51 | Tiny Great Hall |
| 48:23 | Mirror Image |
| 56:21 | Mirror Image |
| 57:28 | Lesser Clarity Potion |
| 58:07 | Orb of Lightning |
| 59:56 | Troll Witch Doctor |
| 59:56 | Troll Witch Doctor |
| 59:57 | Troll Witch Doctor |
| 62:42 | Mirror Image |
| 65:06 | Troll Witch Doctor |
| 65:06 | Troll Witch Doctor |
| 65:06 | Troll Witch Doctor |
| 66:01 | Wind Walk |
| 71:51 | Troll Witch Doctor |
| 71:51 | Troll Witch Doctor |
| 75:33 | Troll Witch Doctor |
| 75:33 | Troll Witch Doctor |
| 83:21 | Orc Burrow |
| Right click | 7369 |
| Select | 725 |
| Build/train/purchase | 258 |
| Use ability | 96 |
| Chat | 71 |
| Misc. action | 63 |
| Minimap ping | 52 |
| Resource trade | 43 |
| Item give/drop | 33 |
| Select group | 4 |
| Esc | 3 |
| Assign group | 2 |